 Dungeon Crawl Stone Soup version 0.29.1-13-g9f3cf754e1 (webtiles) character file.

Game seed: 8172464667526347219

107 promet the Sneak (level 4, -10/30 HPs)
             Began as an Octopode Brigand on Feb 9, 2023.
             Was a Follower of Uskayaw.
             Mangled by an iguana (12 damage)
             ... on level 4 of the Dungeon.
             The game lasted 00:09:26 (3408 turns).

promet the Sneak (Octopode Brigand)                 Turns: 3408, Time: 00:09:27

Health: -10/30     AC:  1    Str: 10    XL:     4   Next: 85%
Magic:  4/4        EV: 13    Int: 15    God:    Uskayaw [*.....]
Gold:   89         SH:  0    Dex: 13    Spells: 3/3 levels left

rFire   . . .      SeeInvis .   a - +0 rapier
rCold   . . .      Faith    .   (no shield)
rNeg    . . .      Spirit   .   e - +0 hat
rPois   .          Reflect  .   (no amulet)
rElec   .          Harm     .   (no ring)
rCorr   .          Rampage  .   (no ring)
Will    .....                   (no ring)
Stlth   ++++......              (no ring)
HPRegen 0.10/turn               (no ring)
MPRegen 0.09/turn               (no ring)
                                (no ring)
                                (no ring)

@: no status effects
A: almost no armour, amphibious, 8 rings, camouflage 1, gelatinous body 1,
(nimble swimmer 1), tentacles
a: Renounce Religion, Stomp


You were on level 4 of the Dungeon.
You worshipped Uskayaw.
Uskayaw was noncommittal.
You visited 1 branch of the dungeon, and saw 4 of its levels.

You collected 105 gold pieces.
You spent 16 gold pieces at shops.

Inventory:

Hand Weapons
 a - a +0 rapier (weapon)
 k - a +2 dagger
 q - a +0 war axe
Missiles
 b - 18 poisoned darts (quivered)
 c - 3 curare-tipped darts
 d - 29 stones
Armour
 e - a +0 hat (worn)
 i - a +0 kite shield
Jewellery
 h - an amulet of guardian spirit
Scrolls
 l - a scroll of vulnerability
 p - a scroll of identify
Potions
 f - 2 potions of flight {unknown}
 g - 2 potions of mutation
 j - 2 potions of curing
 m - a potion of lignification {unknown}
 o - a potion of ambrosia


   Skills:
 * Level 2.7 Fighting
 + Level 2.8 Short Blades
 + Level 2.1 Throwing
 + Level 1.6 Dodging
 + Level 6.8 Stealth


You had 3 spell levels left.
You didn't know any spells.
Your spell library contained the following spells:

 Spells                   Type           Power      Damage    Failure   Level
 Static Discharge         Conj/Air       0%         3-3/arc   38%         2
 Gell's Gravitas          Tloc           0%         N/A       63%         3
 Lesser Beckoning         Tloc           0%         N/A       63%         3
 Ozocubu's Armour         Ice            0%         N/A       63%         3
 Teleport Other           Tloc           0%         N/A       63%         3
 Dispel Undead            Necr           0%         3d6       95%         4
 Fulminant Prism          Conj/Hex       0%         3d6       95%         4
 Iskenderun's Mystic Bla  Conj/Tloc      0%         2d3       95%         4
 Sticky Flame             Conj/Fire      0%         2d3       95%         4
 Lee's Rapid Deconstruct  Erth           0%         3d5*      100%        5
 Ozocubu's Refrigeration  Ice            0%         4d7       100%        7


Dungeon Overview and Level Annotations

Branches:
Dungeon (4/15)
 Temple: D:4-7

Altars:
Cheibriados
Sif Muna
Uskayaw
The Shining One

Shops:
D:3 (

Annotations:
D:4 Dowan, Duvessa


Innate Abilities, Weirdness & Mutations

You cannot wear most types of armour.
You are amphibious.
You can wear up to eight rings at the same time.
Your skin changes colour to match your surroundings (Stealth+).
Your rubbery body absorbs attacks. (AC +1, EV +1)
((You are camouflaged when in or above water. (Stealth+)))
You have tentacles for arms and can constrict up to eight enemies at once.


Message History

There is a stone staircase leading down here.
You climb downwards.
There is a stone staircase leading up here.
There is a stone staircase leading up here.
Found an escape hatch in the floor.
b - 18 poisoned darts (gained 6)
You open the door.
Duvessa and Dowan come into view.
Duvessa is wielding a +0 rapier and carrying a wand of roots (6).
Dowan is wielding a +2 dagger of venom.
Dowan shouts!
Duvessa shouts!
Found a stone.
As you read the scroll of teleportation, it crumbles to dust.
You feel strangely unstable.
You hit Dowan but do no damage. You grab Dowan. You squeeze Dowan.
Dowan is lightly wounded.
You constrict Dowan, but do no damage. Duvessa hits you with a +0 rapier!
Dowan closely misses you.
You release your grip on Dowan.
Duvessa attacks as you move away! Duvessa hits you with a +0 rapier!
* * * LOW HITPOINT WARNING * * *
Your surroundings suddenly seem different.
An iguana and a hobgoblin come into view.
Found 15 gold pieces.
The hobgoblin shouts!
The iguana hisses angrily.
You hit the iguana. You grab the iguana.
The iguana is moderately wounded.
You constrict the iguana, but do no damage.
The hobgoblin barely misses you. The iguana bites you.
* * * LOW HITPOINT WARNING * * *
You barely miss the hobgoblin. You grab the hobgoblin.
You squeeze the hobgoblin.
You kill the hobgoblin!
You constrict the iguana, but do no damage.
The iguana bites you.
* * * LOW HITPOINT WARNING * * *
You hit the iguana.
You squeeze the iguana, but do no damage.
The iguana is heavily wounded.
You constrict the iguana. The iguana bites you!
You die...

#...
#.....e.
##+###...
#.....#.
.........
#(... #.
........#
#... #.
........#
#.. #.
........#
#. #.
.....$..#
# ##
........#
.......@#
.......l#
........#
........#
........#
#########


You could see an iguana.

Vanquished Creatures
  A gnoll (D:1)
  3 adders
  2 worms
  2 dart slugs
  9 bats
  5 endoplasms
  4 giant cockroaches
  2 goblins (D:2)
  6 hobgoblins
  2 kobolds
  3 quokkas (D:1)
  9 ball pythons
  6 frilled lizards
  4 rats
58 creatures vanquished.

Vanquished Creatures (others)
  2 plants (D:1)
2 creatures vanquished.

Grand Total: 60 creatures vanquished

Notes
Turn   | Place    | Note
-------+----------+-------------------------------------------
     0 | D:1      | promet the Octopode Brigand began the quest for the Orb.
     0 | D:1      | Reached XP level 1. HP: 14/14 MP: 1/1
   361 | D:1      | Reached skill level 6 in Stealth
   361 | D:1      | Reached XP level 2. HP: 19/19 MP: 2/2
   576 | D:1      | Reached XP level 3. HP: 24/24 MP: 3/3
   779 | D:1      | Found a faded altar of an unknown god.
  1964 | D:2      | Reached XP level 4. HP: 27/30 MP: 4/4
  2396 | D:3      | Found a glowing drain.
  2544 | D:3      | Found a hide-covered altar of Uskayaw.
  2593 | D:3      | Became a worshipper of Uskayaw the Reveller
  2644 | D:3      | Reached * piety under Uskayaw
  2657 | D:3      | Reached ** piety under Uskayaw
  2948 | D:3      | Found Fuliuvecs's Weapon Emporium.
  3085 | D:3      | Found a glowing golden altar of the Shining One.
  3215 | D:3      | Found a snail-covered altar of Cheibriados.
  3243 | D:3      | Bought 3 poisoned darts for 16 gold pieces
  3367 | D:3      | Found a shimmering blue altar of Sif Muna.
  3401 | D:4      | Noticed Duvessa
  3401 | D:4      | Noticed Dowan
  3408 | D:4      | Mangled by an iguana

Illustrated notes

Levels and vault maps discovered:
D:1:      minmay_arrival_diagonal_passages, layout_basic,
          ebering_ecumenical_altar_webs, minmay_lizard_king
D:2:      layout_loops_corners
D:3:      wander_river, layout_rooms, mainiacjoe_overflow_boulevard,
          mainiacjoe_overflow_brackets, nicolae_sif_muna_little_library,
          nicolae_tso_swordbearing_angel, serial_shops,
          nicolae_shop_hallway_plus, portal_sewer_entry_c
D:4:      layout_basic, uniq_duvessa

Skill      XL: |  1 |
---------------+----+-----
Stealth        | 6 |  6.8
Fighting       | |  2.7
Short Blades   | |  2.8
Throwing       | |  2.1
Dodging        | |  1.6

Action                   |  1- 3 |  4- 6 || total
-------------------------+-------+-------++-------
Melee: Dagger            |    42 |       ||    42
       Constrict         |    13 |    14 ||    27
       Tentacles         |     8 |    10 ||    18
       Rapier            |    19 |    47 ||    66
  Use: Scroll            |     6 |     2 ||     8
 Stab: Sleeping          |    13 |     4 ||    17
Armor: Skin              |     3 |     7 ||    10
Dodge: Dodged            |    29 |    24 ||    53
Block: Kite shield       |     3 |       ||     3
